SAAA
VERMONT LAKE MONSTERS @ PURE MICHIGAN GREAT LAKERS
09/13/2034
 
TOP OF THE 1ST
Vermont Lake Monsters batting - Pitching for Pure Michigan Great Lakers : RHP Nate Jackson
Pitching: RHP Nate Jackson
Batting: RHB José Vázquez 0-0: Foul Ball, location: 2F
0-1: Foul Ball, location: 2F
0-2: Ball
1-2: Foul Ball, location: 2F
1-2: Foul Ball, location: 2F
1-2: Foul Ball, location: 2F
1-2: Ball
2-2: Foul Ball, location: 2F
2-2: Ball
3-2: Ground out 6-3 (Groundball, 56)
Batting: RHB Ricardo Téllez 0-0: DOUBLE (Line Drive, 7LM)
Batting: LHB Sébastien Cornu 0-0: Called Strike
Throwing error on steal attempt, E2
Ricardo Téllez scores
0-1: Fly out, F8 (Flyball, 78M)
Batting: RHB Hsi-men King 0-0: Ball
1-0: Called Strike
1-1: Ground out 5-3 (Groundball, 5)
Top of the 1st over - 1 run, 1 hit, 1 error, 0 left on base; Vermont 1 - Pure Michigan 0
BOTTOM OF THE 1ST
Pure Michigan Great Lakers batting - Pitching for Vermont Lake Monsters : RHP Rodas Aguilar
Pitching: RHP Rodas Aguilar
Batting: LHB Nathan Housden 0-0: Foul Ball, location: 2F
0-1: Foul Ball, location: 2F
0-2: Ball
1-2: Foul Ball, location: 2F
1-2: Ground out 6-3 (Groundball, 6)
Batting: SHB Roger Dorn 0-0: Called Strike
0-1: Ball
1-1: Foul Ball, location: 2F
1-2: Ground out 4-3 (Groundball, 4)
Batting: RHB Alco Compagne 0-0: Called Strike
0-1: Ball
1-1: Called Strike
1-2: Strikes out swinging
Bottom of the 1st over - 0 runs, 0 hits, 0 errors, 0 left on base; Vermont 1 - Pure Michigan 0
TOP OF THE 2ND
Vermont Lake Monsters batting - Pitching for Pure Michigan Great Lakers : RHP Nate Jackson
Batting: RHB Marcel Roks 0-0: Called Strike
0-1: Ball
1-1: SINGLE (Groundball, 6MD)
Batting: RHB Gabe Cain 0-0: Ball
1-0: Ball
2-0: Ball
3-0: Called Strike
3-1: Called Strike
3-2: Grounds into double play, 4-6-3 (Groundball, 4)
Batting: RHB Ramón Soto 0-0: Ball
1-0: Ball
2-0: Ball
3-0: Base on Balls
Batting: LHB Manuel Núńez 0-0: Ball
1-0: Ball
2-0: Called Strike
2-1: Fly out, F5 (Popup, 25)
Top of the 2nd over - 0 runs, 1 hit, 0 errors, 1 left on base; Vermont 1 - Pure Michigan 0
BOTTOM OF THE 2ND
Pure Michigan Great Lakers batting - Pitching for Vermont Lake Monsters : RHP Rodas Aguilar
Batting: LHB Dudley Gardner 0-0: Fly out, F7 (Flyball, 7S)
Batting: RHB Dan Hendricks 0-0: Called Strike
0-1: Ball
1-1: Foul Ball, location: 2F
1-2: Foul Ball, location: 2F
1-2: Strikes out swinging
Batting: SHB Cyrille Baffi 0-0: Ball
1-0: SINGLE (Line Drive, 89S)
Batting: LHB Gilberto Moreno 0-0: Ball
1-0: Ball
2-0: Swinging Strike
2-1: Fly out, F9 (Flyball, 9D)
Bottom of the 2nd over - 0 runs, 1 hit, 0 errors, 1 left on base; Vermont 1 - Pure Michigan 0
TOP OF THE 3RD
Vermont Lake Monsters batting - Pitching for Pure Michigan Great Lakers : RHP Nate Jackson
Batting: RHB José Xirau 0-0: Ball
1-0: TRIPLE (Line Drive, 89XD)
Batting: RHB José Vázquez 0-0: Ball
1-0: Ball
2-0: Ball
3-0: Base on Balls
Batting: RHB Ricardo Téllez 0-0: Swinging Strike
0-1: Ball
1-1: Ball
2-1: Foul Ball, location: 2F
2-2: Ball
3-2: Grounds into double play, 6-4-3 (Groundball, 6)
José Xirau scores
Batting: LHB Sébastien Cornu 0-0: Called Strike
0-1: DOUBLE (Line Drive, 78M)
Batting: RHB Hsi-men King 0-0: Ball
1-0: Reached on error, E3 (Groundball, 3D)
Sébastien Cornu to third
Batting: RHB Marcel Roks 0-0: Ball
1-0: Ball
2-0: Foul Ball, location: 2F
2-1: Swinging Strike
2-2: Foul Ball, location: 2F
2-2: Ball
3-2: Base on Balls
Hsi-men King to second
Batting: RHB Gabe Cain 0-0: Ball
1-0: Ball
2-0: Called Strike
2-1: Swinging Strike
2-2: Fly out, F8 (Flyball, 8LM)
Top of the 3rd over - 1 run, 2 hits, 1 error, 3 left on base; Vermont 2 - Pure Michigan 0
BOTTOM OF THE 3RD
Pure Michigan Great Lakers batting - Pitching for Vermont Lake Monsters : RHP Rodas Aguilar
Batting: RHB David Crow 0-0: Ball
1-0: Ball
2-0: TRIPLE (Line Drive, 9D)
Batting: RHB Trevor O'Herlihy 0-0: Ball
1-0: Foul Ball, location: 2F
1-1: Foul Ball, location: 2F
1-2: Foul Ball, location: 2F
1-2: DOUBLE (Groundball, 5L)
David Crow scores
Batting: LHB Nathan Housden 0-0: Ball
1-0: Foul Ball, location: 2F
1-1: Foul Ball, location: 2F
1-2: Foul Ball, location: 2F
1-2: Strikes out swinging
Batting: SHB Roger Dorn 0-0: Called Strike
0-1: Ball
1-1: Foul Ball, location: 2F
1-2: SINGLE (Flyball, 78S)
Trevor O'Herlihy to third
Batting: RHB Alco Compagne 0-0: Ball
1-0: Swinging Strike
1-1: SINGLE (Groundball, 56S) (infield hit)
Trevor O'Herlihy scores
Roger Dorn to second
Batting: LHB Dudley Gardner 0-0: Ball
1-0: Ball
2-0: Swinging Strike
2-1: Fielders Choice at 2nd, 3-6 (Groundball, 34)
Roger Dorn to third
Batting: RHB Dan Hendricks 0-0: Fly out, F6 (Popup, 6M)
Bottom of the 3rd over - 2 runs, 4 hits, 0 errors, 2 left on base; Vermont 2 - Pure Michigan 2
TOP OF THE 4TH
Vermont Lake Monsters batting - Pitching for Pure Michigan Great Lakers : RHP Nate Jackson
Batting: RHB Ramón Soto 0-0: Ball
1-0: Ball
2-0: Foul Ball, location: 2F
2-1: Ground out 4-3 (Groundball, 4MS)
Batting: LHB Manuel Núńez 0-0: Swinging Strike
0-1: Ball
1-1: Ball
2-1: Ball
3-1: Ground out 5-3 (Groundball, 5L)
Batting: RHB José Xirau 0-0: Ground out 4-3 (Groundball, 34D)
Top of the 4th over - 0 runs, 0 hits, 0 errors, 0 left on base; Vermont 2 - Pure Michigan 2
BOTTOM OF THE 4TH
Pure Michigan Great Lakers batting - Pitching for Vermont Lake Monsters : RHP Rodas Aguilar
Batting: SHB Cyrille Baffi 0-0: SINGLE (Groundball, 6MD)
Batting: LHB Gilberto Moreno 0-0: Fly out, F8 (Flyball, 8RM)
Batting: RHB David Crow 0-0: Called Strike
Cyrille Baffi steals 2nd base
0-1: DOUBLE (Line Drive, 7LD)
Cyrille Baffi scores
Batting: RHB Trevor O'Herlihy 0-0: Ball
1-0: Called Strike
1-1: Ball
2-1: Fly out, F8 (Flyball, 8RD)
Batting: LHB Nathan Housden 0-0: Foul Ball, location: 2F
0-1: Called Strike
0-2: Strikes out swinging
Bottom of the 4th over - 1 run, 2 hits, 0 errors, 1 left on base; Vermont 2 - Pure Michigan 3
TOP OF THE 5TH
Vermont Lake Monsters batting - Pitching for Pure Michigan Great Lakers : RHP Nate Jackson
Batting: RHB José Vázquez 0-0: Foul Ball, location: 2F
0-1: Called Strike
0-2: Ball
1-2: Ball
2-2: Foul Ball, location: 2F
2-2: Strikes out swinging
Batting: RHB Ricardo Téllez 0-0: Called Strike
0-1: SINGLE (Line Drive, 78M)
Batting: LHB Sébastien Cornu 0-0: Ball
Ricardo Téllez steals 2nd base
1-0: Called Strike
1-1: Ball
2-1: Ground out 6-3 (Groundball, 6)
Batting: RHB Hsi-men King 0-0: Ball
1-0: Ball
2-0: Reached on error, E6 (Groundball, 6S)
Ricardo Téllez to third
Batting: RHB Marcel Roks 0-0: Called Strike
0-1: Foul Ball, location: 2F
0-2: Ball
1-2: Foul Ball, location: 2F
1-2: Ground out 1-3 (Groundball, 15S)
Top of the 5th over - 0 runs, 1 hit, 1 error, 2 left on base; Vermont 2 - Pure Michigan 3
BOTTOM OF THE 5TH
Pure Michigan Great Lakers batting - Pitching for Vermont Lake Monsters : RHP Rodas Aguilar
Batting: SHB Roger Dorn 0-0: Called Strike
0-1: Ball
1-1: Swinging Strike
1-2: Ball
2-2: Ball
3-2: Strikes out swinging
Batting: RHB Alco Compagne 0-0: Ball
1-0: Ball
2-0: Ball
3-0: Base on Balls
Batting: LHB Dudley Gardner 0-0: Swinging Strike
0-1: Ball
1-1: Swinging Strike
1-2: Strikes out swinging
Batting: RHB Dan Hendricks 0-0: Ball
1-0: 2-RUN HOME RUN (Flyball, 7D), Distance : 399 ft
Batting: SHB Cyrille Baffi 0-0: Ball
1-0: Ball
2-0: Called Strike
2-1: Ball
3-1: Foul Ball, location: 2F
3-2: Foul Ball, location: 2F
3-2: Strikes out swinging
Bottom of the 5th over - 2 runs, 1 hit, 0 errors, 0 left on base; Vermont 2 - Pure Michigan 5
TOP OF THE 6TH
Vermont Lake Monsters batting - Pitching for Pure Michigan Great Lakers : RHP Nate Jackson
Batting: RHB Gabe Cain 0-0: Fly out, F9 (Line Drive, 9D)
Batting: RHB Ramón Soto 0-0: Ball
1-0: Swinging Strike
1-1: Swinging Strike
1-2: Foul Ball, location: 2F
1-2: Fly out, F7 (Flyball, 7LS)
Batting: LHB Manuel Núńez 0-0: Foul Ball, location: 2F
0-1: Swinging Strike
0-2: Foul Ball, location: 2F
0-2: Ball
1-2: TRIPLE (Flyball, 8RXD)
Batting: RHB José Xirau 0-0: Ball
1-0: Ground out 4-3 (Groundball, 4S)
Top of the 6th over - 0 runs, 1 hit, 0 errors, 1 left on base; Vermont 2 - Pure Michigan 5
BOTTOM OF THE 6TH
Pure Michigan Great Lakers batting - Pitching for Vermont Lake Monsters : RHP Rodas Aguilar
Batting: LHB Gilberto Moreno 0-0: Foul Ball, location: 2F
0-1: Ball
1-1: SINGLE (Groundball, 4) (infield hit)
Pitching: RHP Stewart Fleming
Batting: RHB David Crow 0-0: Ball
1-0: Foul Ball, location: 2F
1-1: Ball
2-1: Called Strike
2-2: Fly out, F3 (Line Drive, 34S)
Batting: RHB Trevor O'Herlihy 0-0: Called Strike
0-1: Called Strike
0-2: Hit by Pitch
Gilberto Moreno to second
Batting: LHB Nathan Housden 0-0: Foul Ball, location: 2F
0-1: Fly out, F6 (Line Drive, 6)
Batting: SHB Roger Dorn 0-0: Called Strike
0-1: Ball
1-1: Foul Ball, location: 2F
1-2: Ball
2-2: Fly out, F8 (Flyball, 8RM)
Bottom of the 6th over - 0 runs, 1 hit, 0 errors, 2 left on base; Vermont 2 - Pure Michigan 5
TOP OF THE 7TH
Vermont Lake Monsters batting - Pitching for Pure Michigan Great Lakers : RHP Nate Jackson
Now at C: Quincy van Enk
Now at 3B: Hamilton Swan
Batting: RHB José Vázquez 0-0: Ball
1-0: Called Strike
1-1: Ball
2-1: Foul Ball, location: 2F
2-2: Foul Ball, location: 2F
2-2: Foul Ball, location: 2F
2-2: Foul Ball, location: 2F
2-2: Foul Ball, location: 2F
2-2: Ball
3-2: Ground out 5-3 (Groundball, 56)
Batting: RHB Ricardo Téllez 0-0: Ball
1-0: Foul Ball, location: 2F
1-1: Called Strike
1-2: Ground out 1-3 (Groundball, 15S)
Batting: LHB Sébastien Cornu 0-0: Called Strike
0-1: Foul Ball, location: 2F
0-2: Strikes out looking
Top of the 7th over - 0 runs, 0 hits, 0 errors, 0 left on base; Vermont 2 - Pure Michigan 5
BOTTOM OF THE 7TH
Pure Michigan Great Lakers batting - Pitching for Vermont Lake Monsters : RHP Stewart Fleming
Batting: RHB Alco Compagne 0-0: Ball
1-0: Ball
2-0: Fly out, F9 (Flyball, 9LM)
Batting: LHB Dudley Gardner 0-0: Fly out, F7 (Flyball, 7LM)
Batting: RHB Dan Hendricks 0-0: Ball
1-0: Called Strike
1-1: Ball
2-1: Ball
3-1: Called Strike
3-2: Base on Balls
Batting: SHB Cyrille Baffi 0-0: Ball
1-0: Ball
2-0: Called Strike
2-1: Ground out 1-3 (Groundball, 15S)
Bottom of the 7th over - 0 runs, 0 hits, 0 errors, 1 left on base; Vermont 2 - Pure Michigan 5
TOP OF THE 8TH
Vermont Lake Monsters batting - Pitching for Pure Michigan Great Lakers : RHP Nate Jackson
Pitching: RHP Joseph Merle
Batting: RHB Hsi-men King 0-0: Ball
1-0: Ball
2-0: Called Strike
2-1: SINGLE (Groundball, 56S) (infield hit)
Batting: RHB Marcel Roks 0-0: Grounds into double play, 4-6-3 (Groundball, 4)
Batting: RHB Gabe Cain 0-0: Fly out, F9 (Flyball, 9D)
Top of the 8th over - 0 runs, 1 hit, 0 errors, 0 left on base; Vermont 2 - Pure Michigan 5
BOTTOM OF THE 8TH
Pure Michigan Great Lakers batting - Pitching for Vermont Lake Monsters : RHP Stewart Fleming
Batting: LHB Gilberto Moreno 0-0: Called Strike
0-1: Foul Ball, location: 2F
0-2: Ball
1-2: DOUBLE (Line Drive, 9D)
Batting: RHB David Crow 0-0: Ball
1-0: Foul Ball, location: 2F
1-1: Foul Ball, location: 2F
1-2: Ball
2-2: Fly out, F5 (Line Drive, 5)
Batting: RHB Quincy van Enk 0-0: Foul Ball, location: 2F
0-1: Ball
1-1: Ground out 5-3 (Groundball, 2L)
Gilberto Moreno to third
Batting: LHB Nathan Housden 0-0: Fly out, F8 (Flyball, 8LD)
Bottom of the 8th over - 0 runs, 1 hit, 0 errors, 1 left on base; Vermont 2 - Pure Michigan 5
TOP OF THE 9TH
Vermont Lake Monsters batting - Pitching for Pure Michigan Great Lakers : RHP Joseph Merle
Pitching: RHP Morton Steele
Batting: RHB Ramón Soto 0-0: Foul Ball, location: 2F
0-1: Ball
1-1: Called Strike
1-2: Foul Ball, location: 2F
1-2: Ball
2-2: Ball
3-2: Foul Ball, location: 2F
3-2: SINGLE (Groundball, 56) (infield hit)
Batting: LHB Manuel Núńez 0-0: Ball
1-0: Foul Ball, location: 2F
1-1: Swinging Strike
1-2: Strikes out looking
Batting: RHB José Xirau 0-0: Ball
1-0: Swinging Strike
1-1: Foul Ball, location: 2F
1-2: Foul Ball, location: 2F
1-2: Ground out 5-3 (Groundball, 56S)
Ramón Soto to second
Batting: RHB José Vázquez 0-0: Called Strike
0-1: Ground out 5-3 (Groundball, 56)
Top of the 9th over - 0 runs, 1 hit, 0 errors, 1 left on base; Vermont 2 - Pure Michigan 5
Friday, March 29th, 2019 - OOTP Baseball 18.8 Build 76